 Dungeon Crawl Stone Soup version 0.32-a0-630-g46d191b0ed (webtiles) character file.

Game seed: 900131591820966499

234105 Rudyous the Warrior (level 19, -26/166 HPs)
             Began as a Barachi Ice Elementalist on Mar 2, 2024.
             Was a High Priest of Sif Muna.
             Shot with a bolt by a yaktaur captain (30 damage)
             ... on level 1 of the Vaults on Mar 6, 2024.
             The game lasted 03:36:51 (69499 turns).

Rudyous the Warrior (Barachi Ice Elementalist)     Turns: 69499, Time: 03:36:51

Health: -26/166    AC: 10    Str: 12    XL:     19   Next: 59%
Magic:  15/39      EV: 13    Int: 34    God:    Sif Muna [*****.]
Gold:   1408       SH:  0    Dex: 12    Spells: 3/51 levels left

rFire   + + +        c - +9 club
rCold   . . .        (no shield)
rNeg    . . .        Z - +3 troll leather armour
rPois   +            (no helmet)
rElec   +            V - +0 cloak
rCorr   .            n - +0 pair of gloves
SInv    .            m - +0 pair of boots
Will    +....        U - amulet of Xapomaf {Faith rPois rF+++ rC- Regen+}
Stlth   ++           W - +9 ring of intelligence
HPRegen 2.07/turn    T - ring "Wucur" {rElec rC+ Int+3}
MPRegen 0.26/turn

%: faith
@: about to teleport, unable to hop, slow
A: amphibious, slowness 1, strong legs 2, +LOS
}: 1/15 runes: barnacled
a: Hop, Renounce Religion, Channel Magic, Forget Spell, Divine Exegesis


You were on level 1 of the Vaults.
You worshipped Sif Muna.
Sif Muna was extremely pleased with you.
You visited 7 branches of the dungeon, and saw 32 of its levels.
You also visited: Bailey.

You collected 3664 gold pieces.
You spent 2256 gold pieces at shops.

Inventory:

Hand Weapons
 c - a +9 club (weapon)
Missiles
 o - 7 throwing nets
Armour
 m - a +0 pair of boots (worn)
 n - a +0 pair of gloves (worn)
 t - a +2 robe of cold resistance
 C - the +1 buckler of the Iron City of Dis {^Contam rPois Will+ Regen+}
   (You bought it in a shop on level 2 of the Orcish Mines)

   rPois:     It protects you from poison.
   Will+:     It increases your willpower.
   ^Contam:   It causes magical contamination when unequipped.
   Regen+:    It increases your rate of health regeneration.
 M - an orb of energy
 V - a +0 cloak (worn)
 Z - a +3 troll leather armour (worn)
Jewellery
 a - a ring of wizardry
 e - a ring of flight
 v - a ring of willpower
 Q - a ring of poison resistance
 T - the ring "Wucur" (right hand) {rElec rC+ Int+3}
   (You bought it in a shop on level 5 of the Dungeon)

   [ring of protection from cold]

   Int+3:     It affects your intelligence (+3).
   rC+:       It protects you from cold.
   rElec:     It insulates you from electricity.
 U - the amulet of Xapomaf (around neck) {Faith rPois rF+++ rC- Regen+}
   (You found it on level 5 of the Lair of Beasts)

   [amulet of faith]

   Faith:     It allows you to gain divine favour quickly.
   rF+++:     It renders you almost immune to fire.
   rC-:       It makes you vulnerable to cold.
   rPois:     It protects you from poison.
   Regen+:    It increases your rate of health regeneration.
 W - a +9 ring of intelligence (left hand)
Wands
 w - a wand of flame (25)
 E - a wand of charming (10)
 I - a wand of digging (9)
 N - a wand of roots (9)
 S - a wand of mindburst (13)
Scrolls
 d - 3 scrolls of teleportation
 j - 3 scrolls of immolation
 u - 5 scrolls of enchant armour
 z - 2 scrolls of fog {unknown}
 B - 7 scrolls of noise
 D - 2 scrolls of revelation
 H - 10 scrolls of enchant weapon
 J - a scroll of brand weapon {unknown}
 K - 2 scrolls of torment {unknown}
 O - 4 scrolls of poison {unknown}
 X - 2 scrolls of fear {unknown}
Potions
 b - 3 potions of magic
 g - 5 potions of haste
 h - 4 potions of might {unknown}
 i - 6 potions of curing
 k - 9 potions of brilliance
 p - a potion of attraction
 q - 3 potions of enlightenment {unknown}
 r - 5 potions of resistance
 s - 2 potions of invisibility
 x - 8 potions of heal wounds
 A - a potion of berserk rage {unknown}
 F - 4 potions of cancellation
 G - 2 potions of mutation {unknown}
 L - 4 potions of ambrosia
 P - 5 potions of degeneration {unknown}
Miscellaneous
 l - a phantom mirror (inert)
 R - a lightning rod (2/4)


   Skills:
 + Level 19.1 Fighting
 - Level 5.6 Armour
 - Level 5.0 Dodging
 - Level 1.7 Stealth
 + Level 16.5 Spellcasting
 - Level 10.2 Conjurations
 + Level 6.7 Summonings
 - Level 10.1 Fire Magic
 - Level 14.6 Ice Magic
 - Level 12.4 Air Magic
 * Level 12.8 Earth Magic
 - Level 8.4 Invocations


You had 3 spell levels left.
You knew the following spells:

 Your Spells              Type           Power      Damage    Failure   Level
a - Freeze                Ice            100%       1d10      0%          1
b - Frozen Ramparts       Ice            100%       1d16      0%          3
c - Summon Ice Beast      Ice/Summ       79%        N/A       1%          3
d - Airstrike             Air            42%        2d(7-23)  1%          4
e - Flame Wave            Conj/Fire      78%        2d17      1%          4
f - Summon Blazeheart Go  Fire/Summ      71%        N/A       1%          4
g - Plasma Beam           Fire/Air       40%        2x1d54    2%          6
h - Starburst             Conj/Fire      39%        6d11      4%          6
i - Ozocubu's Refrigerat  Ice            45%        4d17      3%          7
j - Arcjolt               Conj/Air       40%        1d50      1%          5
k - Summon Forest         Summ/Tloc      25%        N/A       12%         5

Your spell library contained the following spells:

 Spells                   Type           Power      Damage    Failure   Level
 Shock                    Conj/Air       100%       1d9       0%          1
 Ozocubu's Armour         Ice            91%        N/A       0%          3
 Apportation              Tloc           56%        N/A       1%          1
 Foxfire                  Conj/Fire      100%       2x1d9     1%          1
 Kiss of Death            Conj/Necr      100%       2d13      1%          1
 Magic Dart               Conj           100%       1d8       1%          1
 Necrotise                Necr           100%       1d9       1%          1
 Slow                     Hex            100%       N/A       1%          1
 Sting                    Conj/Alch      100%       1d9       1%          1
 Summon Small Mammal      Summ           100%       N/A       1%          1
 Call Imp                 Summ           100%       N/A       1%          2
 Momentum Strike          Conj/Tloc      100%       3d10      1%          2
 Scorch                   Fire           100%       2d9       1%          2
 Searing Ray              Conj           100%       2d8       1%          2
 Call Canine Familiar     Summ           65%        N/A       1%          3
 Dazzling Flash           Conj/Hex       100%       N/A       1%          3
 Hailstorm                Conj/Ice       85%        3d14      1%          3
 Mephitic Cloud           Conj/Alch/Air  68%        N/A       1%          3
 Passwall                 Erth           86%        N/A       1%          3
 Stone Arrow              Conj/Erth      100%       3d13      1%          3
 Swiftness                Air            85%        N/A       1%          3
 Blink                    Tloc           56%        N/A       2%          2
 Jinxbite                 Hex            56%        N/A       2%          2
 Lesser Beckoning         Tloc           56%        N/A       2%          2
 Confusing Touch          Hex            28%        N/A       5%          3
 Sigil of Binding         Hex            28%        N/A       5%          3
 Vampiric Draining        Necr           28%        2d8       5%          3
 Animate Armour           Summ/Erth      100%       N/A       1%          4
 Brom's Barrelling Bould  Conj/Erth      82%        2d9       1%          4
 Fulminant Prism          Conj/Alch      29%        3d14      1%          4
 Iskenderun's Mystic Bla  Conj/Tloc      58%        2d12      1%          4
 Leda's Liquefaction      Alch/Erth      32%        N/A       1%          4
 Petrify                  Alch/Erth      64%        N/A       1%          4
 Summon Lightning Spire   Summ/Air       75%        N/A       1%          4
 Freezing Cloud           Conj/Ice/Air   42%        6-21      1%          5
 Lee's Rapid Deconstruct  Erth           43%        3d21*     1%          5
 Metabolic Englaciation   Hex/Ice        33%        N/A       2%          5
 Bombard                  Conj/Erth      41%        9d7       2%          6
 Borgnjor's Vile Clutch   Necr/Erth      32%        N/A       3%          5
 Silence                  Hex/Air        31%        N/A       3%          5
 Olgreb's Toxic Radiance  Alch           28%        N/A       17%         4
 Passage of Golubria      Tloc           28%        N/A       17%         4
 Summon Cactus Giant      Summ           32%        N/A       17%         6
 Orb of Destruction       Conj           39%        9d11      22%         7
 Spellforged Servitor     Conj/Summ      36%        N/A       41%         7
 Alistair's Intoxication  Alch           18%        N/A       43%         5
 Curse of Agony           Necr           28%        N/A       43%         5
 Yara's Violent Unravell  Hex/Alch       14%        3d7       43%         5
 Summon Hydra             Summ           32%        N/A       67%         7
 Lehudib's Crystal Spear  Conj/Erth      41%        10d10     69%         8
 Eringya's Noxious Bog    Alch           14%        4d6       95%         6
 Haunt                    Necr/Summ      25%        N/A       98%         7
 Malign Gateway           Summ/Tloc      25%        N/A       98%         7
 Enfeeble                 Hex            14%        N/A       100%        7
 Summon Horrible Things   Summ           32%        N/A       100%        8
 Chain Lightning          Conj/Air       40%        3d54      100%        9
 Fire Storm               Conj/Fire      39%        8d10      100%        9
 Shatter                  Erth           43%        3d33*     100%        9


Dungeon Overview and Level Annotations

Branches:
Dungeon (15/15) Zot: 24052  Temple (1/1) D:4 Zot: 5982    Lair (5/5) D:10 Zot: 12429
 Shoals (4/4) Lair:2 Zot: 13209  Spider (4/4) Lair:2 Zot: 15928   Slime (0/5) Lair:4
    Orc (2/2) D:9 Zot: 6806     Elf (0/3) Orc:2        Vaults (1/5) D:13 Zot: 5551
 Depths (0/4) D:15         Bailey (visited)

Altars:
Ashenzari
Cheibriados
Dithmenos
Elyvilon
Fedhas
Gozag
Hepliaklqana
Kikubaaqudgha
Makhleb
Nemelex Xobeh
Okawaru
Qazlal
Ru
Sif Muna
Trog
Uskayaw
Vehumet
Wu Jian
Xom
Yredelemnul
Zin
The Shining One
Beogh
Jiyva

Shops:
D:5 =   D:8 (   Orc:2 *!*([

Annotations:
D:3 1 runed translucent door, Crazy Yiuf
D:4 1 exclusion
D:12 3 runed translucent doors, exclusion: downstairs, Qasmy's ghost, journeyman OnBe
D:14 3 runed translucent doors, Vadun's ghost, journeyman MiFi
D:15 1 exclusion
Lair:1 exclusion: downstairs
Lair:4 2 transporters
Shoals:3 Roxanne
Spider:1 3 runed translucent doors, CougarLife's ghost, adept GrEE; Shayle's ghost, journeyman CoAl
Spider:3 5 runed translucent doors, Gangsterbeez's ghost, adept MiFi


Innate Abilities, Weirdness & Mutations

You are amphibious.
You cover ground slowly.
You can hop long distances.
You have an extended range of vision and can be seen from far away.


Message History

The bolt of lightning hits the yaktaur captain.
The yaktaur captain is lightly wounded.
The fiery plasma hits the dire elephant.
The dire elephant is heavily wounded.
The fiery plasma hits the yaktaur captain!!
The yaktaur captain is moderately wounded.
The harpy claws you but does no damage. The harpy claws you.
The vault warden hits you from afar with a +2 bardiche!!
The dire elephant misses you. The dire elephant closely misses you.
The formless jellyfish shimmers eerily.
The formless jellyfish blinks!
You take 37 damage, and have 56/166 hp.
MASSIVE DAMAGE!!
You now have 22/39 mp.
Unknown command.
Unknown command.
Casting: Plasma Beam (mildly dangerous; 2% risk of failure)
Confirm with . or Enter, or press ? or * to list all spells.
The heat is drained from your surroundings.
You kill the formless jellyfish!
Sif Muna accepts your kill.
You kill the harpy!
Sif Muna accepts your kill.
The yaktaur captain is heavily wounded.
The dire elephant is heavily wounded.
The vault warden is severely wounded.
The dire elephant tramples you!!
* * * LOW HITPOINT WARNING * * *
You stumble backwards!
You take 33 damage, and have 23/166 hp.
You now have 15/39 mp.
Unknown command.
Unknown command.
As you read the scroll of teleportation, it crumbles to dust.
You feel strangely unstable. The dire elephant closely misses you.
The dire elephant trunk-slaps you.
* * * LOW HITPOINT WARNING * * *
The vault warden hits you from afar with a +2 bardiche!!
* * * LOW HITPOINT WARNING * * *
You take 21 damage, and have 2/166 hp.
Hop to where?
Press: ? - help, Dir - move target Boing!
The yaktaur captain shoots a bolt.
The bolt hits you!!
You die...

######### #.......#
#.......# #@...#
+....# #.pc.#
###Y### ########
#†....# #......#
#..○..# #......#
#######+####
#......####.....†.#
####..)...#.#####.#


You could see a dire elephant, a vault warden and a yaktaur captain.

Vanquished Creatures
  Mara (Spider:4)
  Rupert (D:13)
  A kraken (Shoals:4)
  3 sphinxes (Shoals:4)
  Ilsuiw (Shoals:2)
  3 emperor scorpions (Spider:4)
  Louise (Spider:3)
  2 ironbound preservers
  3 broodmothers (Spider:3)
  A formless jellyfish (Vaults:1)
  Azrael (D:15)
  3 spark wasps
  A minotaur (Shoals:4)
  9 merfolk impalers
  An entropy weaver (Spider:2)
  3 merfolk javelineers
  Fannar (D:10)
  A great orb of eyes (Vaults:1)
  2 catoblepae (Lair:5)
  4 merfolk avatars
  4 radroaches
  2 merfolk aquamancers
  8 hydras
  3 jorogumos
  7 centaur warriors
  3 death yaks (Lair:5)
  2 alligator snapping turtles
  8 boulder beetles
  12 satyrs (Shoals:4)
  11 demonic crawlers
  5 two-headed ogres
  An occultist (D:15)
  5 orc high priests
  Urug (D:13)
  7 skysharks
  7 pharaoh ants
  Lodul (D:13)
  A sun moth (Spider:4)
  A glowing orange brain (D:15)
  4 deep trolls
  A goliath frog (Lair:5)
  9 orb spiders
  2 ironbound convokers (Vaults:1)
  13 sea snakes
  9 orc knights
  3 steelbarb worms
  4 lindwurms
  20 harpies
  A deep elf pyromancer (D:11)
  23 wolf spiders
  2 orc sorcerers
  Maurice (D:9)
  22 manticores
  28 fauns
  16 ugly things
  3 moths of wrath
  9 cyclopes
  12 elephants
  2 rust devils (D:11)
  8 merfolk sirens
  5 kobold blastminers (Orc:2)
  A smoke demon (D:11)
  10 meliai
  3 torpor snails
  2 water nymphs
  10 black mambas
  2 gargoyles
  A guardian serpent (Lair:5)
  16 cane toads
  A cane toad (shapeshifter) (D:15)
  5 komodo dragons
  Maggie (D:9)
  A rime drake (Lair:4)
  2 unseen horrors
  2 kobold demonologists (D:12)
  3 unseen horror zombies (D:8)
  2 efreet (D:15)
  A freezing wraith (D:12)
  10 trolls
  A polar bear (Lair:1)
  Grinder (D:4)
  A hellwing (D:11)
  19 merfolk
  15 tarantellas
  A merfolk (shapeshifter) (D:15)
  6 wind drakes
  5 hornets
  6 blink frogs
  19 dream sheep
  7 snapping turtles
  18 jumping spiders
  26 culicivoras
  20 slime creatures
  4 wraiths
  13 water elementals
  Sigmund (D:3)
  A shadow (D:9)
  2 fire elementals (D:15)
  17 wyverns
  39 yaks
  A yak (shapeshifter) (D:13)
  41 redbacks
  5 wargs
  5 vampire mosquitoes
  6 basilisks
  A steam dragon (Lair:1)
  3 acid dragons
  4 hell hounds (D:15)
  30 water moccasins
  A hornet zombie (D:8)
  2 sky beasts (D:7)
  3 black bears
  40 orc warriors
  13 wolves
  13 ogres
  15 centaurs
  8 kobold brigands
  A phantom (D:5)
  8 bullfrogs
  5 scorpions
  5 wights
  5 killer bees
  3 howler monkeys (D:11)
  6 electric eels
  A lava snake (D:11)
  3 centaur zombies (D:8)
  A bombardier beetle (D:3)
  2 hounds (D:5)
  A gnoll bouda (D:5)
  32 orc priests
  A jelly (D:7)
  2 sleepcaps
  Jessica (D:2)
  5 iguanas
  21 orc wizards
  Natasha (twice) (D:4)
  9 hell rats
  2 killer bee zombies (D:8)
  2 howler monkey zombies (D:8)
  Robin (D:3)
  9 gnolls
  4 adders
  A white imp (D:6)
  A dart slug (D:4)
  2 ribbon worms
  95 orcs
  9 ball pythons
  6 endoplasms
  2 giant cockroaches (D:2)
  15 goblins
  9 hobgoblins
  3 quokkas
  4 bats
  2 frilled lizards
  23 kobolds
  A rat (D:1)
  5 tentacles (Shoals:4)
1125 creatures vanquished.

Vanquished Creatures (collateral kills)
  A spark wasp (Spider:4)
  A hydra (Lair:4)
  A boulder beetle (D:12)
  A two-headed ogre (D:11)
  3 death yaks (Lair:2)
  A sea snake (Lair:2)
  A faun (Shoals:1)
  A manticore (Lair:5)
  An ugly thing (D:13)
  3 elephants
  A komodo dragon (Lair:1)
  2 trolls
  2 dream sheep
  A wyvern (Lair:4)
  5 yaks
  2 redbacks
  3 water moccasins
  3 orc warriors
  A sky beast (D:6)
  A wolf (Lair:3)
  A bullfrog (Lair:4)
  A killer bee (Lair:2)
  A hound (D:5)
  2 orc priests
  An iguana (D:6)
  2 orc wizards
  3 gnolls (D:5)
  An adder (D:5)
  16 orcs
  A kobold (D:9)
  A quokka (D:5)
65 creatures vanquished.

Vanquished Creatures (others)
  5 slime creatures (D:15)
  5 blazeheart cores
  7 tentacles (Shoals:4)
17 creatures vanquished.

Grand Total: 1207 creatures vanquished

Notes
Turn   | Place    | Note
-------+----------+-------------------------------------------
     0 | D:1      | Rudyous the Barachi Ice Elementalist began the quest for
                  | the Orb.
     0 | D:1      | Reached XP level 1. HP: 13/13 MP: 3/3
   327 | D:1      | Reached XP level 2. HP: 20/20 MP: 0/5
   389 | D:1      | Reached skill level 5 in Ice Magic
   969 | D:2      | Reached skill level 1 in Fighting
   969 | D:2      | Reached skill level 1 in Summonings
  1391 | D:2      | Reached XP level 3. HP: 26/26 MP: 2/6
  1824 | D:2      | Reached XP level 4. HP: 30/33 MP: 4/8
  1929 | D:2      | Noticed Jessica
  1936 | D:2      | Learned a level 3 spell: Frozen Ramparts
  1944 | D:2      | Killed Jessica
  1945 | D:2      | Reached skill level 2 in Fighting
  2231 | D:3      | Reached XP level 5. HP: 37/38 MP: 3/9
  2518 | D:3      | Noticed Robin
  2534 | D:3      | Killed Robin
  2788 | D:3      | Reached XP level 6. HP: 46/46 MP: 4/11
  3207 | D:3      | Reached skill level 3 in Fighting
  3229 | D:3      | Noticed Sigmund
  3493 | D:3      | Killed Sigmund
  3494 | D:3      | Reached XP level 7. HP: 51/52 MP: 6/12
  3665 | D:3      | Found a runed translucent door.
  3666 | D:3      | Noticed Crazy Yiuf
  3843 | D:4      | Found a staircase to the Ecumenical Temple.
  3913 | Temple   | Entered the Ecumenical Temple
  3923 | D:4      | Noticed Natasha
  3925 | D:4      | Killed Natasha
  4280 | D:4      | Reached skill level 4 in Fighting
  4413 | D:4      | Noticed Grinder
  4420 | D:4      | Killed Grinder
  4421 | D:4      | Reached XP level 8. HP: 51/61 MP: 14/14
  5046 | D:5      | Entered Level 5 of the Dungeon
  5132 | D:4      | Learned a level 3 spell: Summon Ice Beast
  5267 | D:5      | Reached skill level 5 in Dodging
  5337 | D:5      | Reached skill level 5 in Fighting
  5433 | D:5      | Reached skill level 5 in Spellcasting
  5884 | D:5      | Reached skill level 1 in Air Magic
  5928 | D:5      | Found Tuofaic's One-of-a-Kind Rings.
  6203 | D:5      | Found a burning altar of Makhleb.
  6555 | D:6      | Upgraded the game from 0.32-a0-599-gba8f9cf90e to
                  | 0.32-a0-612-g1c984fe9d1
  6579 | D:6      | Reached skill level 6 in Fighting
  6579 | D:6      | Reached XP level 9. HP: 31/69 MP: 9/17
  6674 | D:6      | Reached skill level 5 in Summonings
  7604 | D:7      | Found a glowing golden altar of the Shining One.
  7606 | D:7      | Found a glowing silver altar of Zin.
  7717 | D:6      | Reached skill level 5 in Air Magic
  7944 | D:7      | Reached skill level 7 in Fighting
  8102 | D:7      | Learned a level 4 spell: Airstrike
  8173 | D:7      | Found a sand-covered staircase.
  8960 | D:4      | Noticed Natasha
  8965 | D:4      | Killed Natasha
  8982 | Temple   | Became a worshipper of Sif Muna the Loreminder
  9129 | D:8      | Reached XP level 10. HP: 59/79 MP: 13/20
  9301 | D:7      | Reached skill level 1 in Conjurations
  9815 | D:8      | Reached skill level 8 in Fighting
 10166 | D:8      | Reached * piety under Sif Muna
 10838 | D:8      | Found Feta's Antique Weapon Emporium.
 11563 | D:9      | Found a flagged portal.
 11564 | D:9      | Noticed a cyclops
 11580 | D:9      | Killed a cyclops
 11667 | Bailey   | Entered a bailey
 12244 | Bailey   | Reached ** piety under Sif Muna
 12275 | Bailey   | Reached skill level 9 in Fighting
 12275 | Bailey   | Reached XP level 11. HP: 89/89 MP: 5/22
 12581 | Bailey   | Noticed an orc knight
 12607 | Bailey   | Killed an orc knight
 12883 | D:9      | Found a sparkling altar of Nemelex Xobeh.
 12890 | D:9      | Found an ancient bone altar of Kikubaaqudgha.
 13226 | D:9      | Noticed Maurice
 13241 | D:9      | Killed Maurice
 13393 | D:9      | Reached skill level 5 in Conjurations
 13522 | D:9      | Reached skill level 10 in Air Magic
 14031 | D:9      | Found a staircase to the Orcish Mines.
 14057 | D:9      | Reached *** piety under Sif Muna
 14203 | D:9      | Noticed Maggie
 14231 | D:9      | Killed Maggie
 14582 | D:10     | Entered Level 10 of the Dungeon
 15232 | D:10     | Reached skill level 10 in Fighting
 15961 | D:10     | Found a staircase to the Lair.
 16252 | D:10     | Noticed a two-headed ogre
 16255 | D:10     | Killed a two-headed ogre
 16322 | D:10     | Found a radiant altar of Vehumet.
 16640 | D:11     | Noticed a boulder beetle
 16723 | Lair:1   | Entered Level 1 of the Lair of Beasts
 16874 | Lair:1   | Reached XP level 12. HP: 98/98 MP: 5/25
 17605 | Lair:1   | Noticed a boulder beetle
 18141 | D:10     | Killed a boulder beetle
 19063 | Lair:2   | Noticed a six-headed hydra
 19068 | Lair:2   | Killed a six-headed hydra
 19069 | Lair:2   | Reached skill level 11 in Fighting
 19165 | Lair:2   | Noticed a death yak
 19266 | Orc:1    | Entered Level 1 of the Orcish Mines
 19387 | Orc:1    | Reached **** piety under Sif Muna
 19679 | Orc:1    | Noticed an orc warlord
 19706 | D:9      | Reached skill level 1 in Invocations
 20322 | Lair:2   | Reached skill level 10 in Spellcasting
 20401 | Lair:2   | Found a hole to the Spider Nest.
 20839 | Lair:2   | Noticed a skyshark
 21054 | Lair:2   | Gained mutation: You can hop long distances. [Barachi
                  | growth]
 21054 | Lair:2   | Reached XP level 13. HP: 107/107 MP: 22/27
 21427 | Lair:2   | Reached skill level 12 in Fighting
 21552 | Lair:2   | Found a staircase to the Shoals.
 23894 | Lair:3   | Reached skill level 5 in Invocations
 24694 | Lair:4   | Reached skill level 13 in Fighting
 25162 | Lair:4   | Reached skill level 10 in Conjurations
 25538 | Lair:4   | Reached skill level 1 in Earth Magic
 25557 | Lair:4   | Reached XP level 14. HP: 66/118 MP: 1/29
 26425 | Lair:4   | Found a transporter.
 26425 | Lair:4   | Found a transporter.
 26898 | Lair:4   | Found a staircase to the Slime Pits.
 26903 | Lair:4   | Found a viscous altar of Jiyva.
 27396 | Lair:5   | Entered Level 5 of the Lair of Beasts
 27512 | Lair:5   | Identified the amulet of Xapomaf {Faith rPois rF+++ rC-
                  | Regen+}
 28415 | D:5      | Bought a +9 ring of intelligence for 858 gold pieces
 29382 | Lair:5   | Reached skill level 5 in Earth Magic
 29678 | Lair:5   | Reached skill level 1 in Armour
 29679 | Lair:5   | Reached skill level 14 in Fighting
 30425 | Lair:5   | Reached ***** piety under Sif Muna
 31032 | D:5      | Bought the ring "Wucur" {rElec rC+ Int+3} for 498 gold
                  | pieces
 32641 | D:11     | Noticed Fannar
 32647 | D:10     | Killed Fannar
 32775 | D:11     | Reached XP level 15. HP: 101/127 MP: 19/31
 32894 | D:11     | Identified the +4 scale mail of the Orcish Mines {rPois rF+
                  | Will+ Dex+4}
 32970 | D:11     | Received a gift from Sif Muna
 32971 | D:11     | Got Kuinaefu's Parchment of Damage {god gift}
 33856 | D:11     | Identified the +2 glaive of Crusades {flame, Will+ Str+4}
 34300 | D:12     | Found the necklace of Bloodlust {Fury *Rage Will++ Int-3
                  | Slay+6}
 34768 | D:12     | Found a runed translucent gate.
 34769 | D:12     | Found a runed translucent gate.
 34769 | D:12     | Found a runed translucent gate.
 34770 | D:12     | Noticed Qasmy's ghost (journeyman OnBe)
 34921 | D:12     | Reached skill level 5 in Armour
 35762 | D:12     | Learned a level 4 spell: Flame Wave
 36003 | D:13     | Noticed Lodul
 36308 | D:13     | Reached skill level 1 in Fire Magic
 36967 | D:8      | Learned a level 4 spell: Summon Blazeheart Golem
 37487 | Orc:2    | Entered Level 2 of the Orcish Mines
 37500 | Orc:1    | Received a gift from Sif Muna
 37501 | Orc:1    | Got Sif Muna's Treatise on the Heavy Deep Freeze {god gift}
 37636 | Orc:2    | Reached skill level 15 in Fighting
 38153 | Orc:2    | Found Ruhonuew's General Store.
 38166 | Orc:2    | Found a roughly hewn altar of Beogh.
 38736 | Orc:2    | Found a staircase to the Elven Halls.
 39982 | Orc:2    | Upgraded the game from 0.32-a0-612-g1c984fe9d1 to
                  | 0.32-a0-616-g9348d4545b
 40940 | Orc:2    | Received a gift from Sif Muna
 41198 | Orc:2    | Learned a level 6 spell: Plasma Beam
 41540 | Orc:2    | Reached skill level 5 in Fire Magic
 41618 | Orc:2    | Found Ruxticae's Distillery.
 41620 | Orc:2    | Found Cenocw's Antique Weapon Shop.
 41620 | Orc:2    | Found Tuitsur's Assorted Antiques.
 41621 | Orc:2    | Found Juoffis's Antique Armour Shop.
 41632 | Orc:2    | Bought a fuming purple potion for 30 gold pieces
 41632 | Orc:2    | Bought a scroll labelled TUERAA JOCASEW for 34 gold pieces
 41632 | Orc:2    | Bought a bubbling red potion for 30 gold pieces
 41632 | Orc:2    | Bought a bubbling red potion for 30 gold pieces
 41632 | Orc:2    | Bought 3 scrolls of teleportation for 306 gold pieces
 41655 | Orc:2    | Bought a potion of brilliance for 44 gold pieces
 41655 | Orc:2    | Bought a potion of brilliance for 44 gold pieces
 41655 | Orc:2    | Bought a potion of magic for 88 gold pieces
 41659 | Orc:2    | Bought an ichor-stained buckler for 294 gold pieces
 41659 | Orc:2    | Identified the +1 buckler of the Iron City of Dis {^Contam
                  | rPois Will+ Regen+} (You bought it in a shop on level 2 of
                  | the Orcish Mines)
 42250 | D:13     | Noticed Rupert
 42257 | D:13     | Paralysed by Rupert for 2 turns
 42260 | D:13     | Killed Rupert
 42447 | D:13     | Noticed Urug
 42579 | D:13     | Killed Urug
 43110 | D:13     | Found a gate to the Vaults.
 43304 | D:13     | Reached XP level 16. HP: 136/136 MP: 14/33
 43715 | D:13     | Killed Lodul
 44007 | D:13     | Found a sparkling altar of Nemelex Xobeh.
 44302 | D:13     | Learned a level 6 spell: Starburst
 44851 | D:14     | Received a gift from Sif Muna
 44852 | D:14     | Got Sif Muna's Almanac of Frigid Venin {god gift}
 45169 | D:14     | Found a white marble altar of Elyvilon.
 45219 | D:14     | Reached skill level 10 in Ice Magic
 45998 | D:14     | Found a runed translucent gate.
 45998 | D:14     | Found a runed translucent gate.
 46108 | D:14     | Found a runed translucent gate.
 46110 | D:14     | Found an iron altar of Okawaru.
 46110 | D:14     | Noticed Vadun's ghost (journeyman MiFi)
 46110 | D:14     | Found the ring of the Hare {EV+10}
 46110 | D:14     | Found the +9 scales of the Dragon King {rPois rF+ rC+
                  | Will+}
 46291 | D:15     | Entered Level 15 of the Dungeon
 47156 | D:15     | Learned a level 7 spell: Ozocubu's Refrigeration
 47175 | D:15     | Reached skill level 16 in Fighting
 47227 | D:15     | Noticed Azrael
 47743 | D:15     | Killed Azrael
 48682 | D:15     | Found a staircase to the Depths.
 48909 | Shoals:1 | Entered Level 1 of the Shoals
 49038 | Shoals:1 | Received a gift from Sif Muna
 49187 | Shoals:1 | Got Sif Muna's Enchiridion on Conjury {god gift}
 50296 | Shoals:1 | Reached XP level 17. HP: 145/145 MP: 5/35
 51641 | D:10     | Upgraded the game from 0.32-a0-616-g9348d4545b to
                  | 0.32-a0-630-g46d191b0ed
 51921 | Shoals:2 | Noticed Ilsuiw
 52408 | Shoals:2 | Killed Ilsuiw
 53817 | Shoals:3 | Reached skill level 17 in Fighting
 54182 | Shoals:2 | Reached skill level 10 in Fire Magic
 54303 | Shoals:3 | Received a gift from Sif Muna
 54447 | Shoals:3 | Got Sif Muna's Papyrus of Battling and Cohobation {god
                  | gift}
 56092 | Shoals:3 | Noticed Roxanne
 56294 | Shoals:4 | Entered Level 4 of the Shoals
 56294 | Shoals:4 | Noticed a kraken
 56298 | Shoals:4 | Reached skill level 15 in Spellcasting
 56965 | Shoals:4 | Killed a kraken
 57829 | Shoals:4 | Received a gift from Sif Muna
 58252 | Shoals:4 | Reached XP level 18. HP: 155/155 MP: 12/37
 60344 | Shoals:4 | Got a barnacled rune of Zot
 60552 | Spider:1 | Entered Level 1 of the Spider Nest
 60555 | Spider:1 | Reached skill level 18 in Fighting
 60556 | Spider:1 | Received a gift from Sif Muna
 60558 | Spider:1 | Got Efashul's Directory of the Legion and the Missiles {god
                  | gift}
 60567 | Lair:2   | Learned a level 5 spell: Arcjolt
 60699 | Lair:2   | Reached skill level 10 in Earth Magic
 61972 | Spider:1 | Found a runed translucent gate.
 61972 | Spider:1 | Found a runed translucent gate.
 61972 | Spider:1 | Found a runed translucent gate.
 61974 | Spider:1 | Noticed CougarLife's ghost (adept GrEE)
 61974 | Spider:1 | Noticed Shayle's ghost (journeyman CoAl)
 63247 | Spider:2 | Received a gift from Sif Muna
 64487 | Spider:3 | Found a runed translucent gate.
 64487 | Spider:3 | Found a runed translucent gate.
 64487 | Spider:3 | Found a runed translucent gate.
 64487 | Spider:3 | Noticed Gangsterbeez's ghost (adept MiFi)
 65068 | Spider:3 | Reached XP level 19. HP: 164/164 MP: 14/39
 65492 | Spider:3 | Received a gift from Sif Muna
 65493 | Spider:3 | Got Sif Muna's Omnibus of Frostbound Geology {god gift}
 65494 | Spider:3 | Noticed Louise
 65496 | Spider:3 | Killed Louise
 65912 | Spider:3 | Found a large runed translucent door.
 65912 | Spider:3 | Found a large runed translucent door.
 66393 | Spider:4 | Entered Level 4 of the Spider Nest
 66395 | Spider:4 | Noticed Mara
 67286 | Spider:4 | Noticed Rudyous's illusion
 67638 | Spider:4 | Received a gift from Sif Muna
 67641 | Spider:4 | Got Sif Muna's Dissertation on the Congregation {god gift}
 67648 | Spider:4 | Killed Mara
 68240 | Spider:4 | Reached skill level 19 in Fighting
 68965 | D:10     | Learned a level 5 spell: Summon Forest
 69076 | Vaults:1 | Entered Level 1 of the Vaults
 69498 | Vaults:1 | HP: 2/166 [vault warden/+2 bardiche (21)]
 69499 | Vaults:1 | Shot with a bolt by a yaktaur captain

Illustrated notes

Levels and vault maps discovered:
D:1:      roderic_octagonal_star, layout_basic
D:2:      minmay_skewed_foursquare, layout_basic, kennysheep_jessica_study
D:3:      layout_basic, uniq_robin, uniq_crazy_yiuf_cottage, uniq_sigmund
D:4:      layout_cave_pods, minmay_temple_entry_crystal_x, uniq_grinder,
          uniq_natasha
D:5:      layout_basic, kennysheep_little_box, grunt_decor_arrowhead,
          nicolae_shop_unique_rings
D:6:      layout_basic, kennysheep_decorative_pillar, hex_intersection,
          minmay_misc_feat_more_columns, kennysheep_cross_bottleneck
D:7:      layout_layer_cave, mainiacjoe_overflow_catwalk_spiral,
          enter_ossuary_5, minivault_26, nicolae_the_louvre
D:8:      layout_cave_pools, serial_undead, serial_undead_b, serial_undead_b,
          serial_undead_d, serial_undead_f, serial_undead_e, serial_undead_a,
          serial_undead_f, serial_undead_e, serial_shops, shop, kennysheep_nub,
          serial_library_hellmonk_layered_room
D:9:      layout_loops_corners, mainiacjoe_overflow_large_starburst, erik_orc_3,
          enter_bailey_5, uniq_maggie, uniq_maurice
D:10:     layout_irregular_city, nicolae_vehumet_radiance, david_lair_generic,
          st_stairs_4
D:11:     layout_basic, minmay_misc_feat_rugged, nicolae_where_there's_smoke,
          uniq_fannar
D:12:     layout_irregular_city, gammafunk_ghost_necromancy,
          hellmonk_guarded_unrand_vitality_bloodlust
D:13:     layout_small_grid, skrybe_vaults_entry_preservation,
          nemelex_spade_bored_becter, uniq_urug, uniq_rupert, uniq_lodul
D:14:     layout_loops_corners, amcnicky_mini_pool_small,
          gammafunk_ghost_fury_of_okawaru, elyvilon_altar_3
D:15:     gammafunk_enter_depths_forms, layout_small_grid, uniq_azrael
Temple:   nicolae_temple_x_marks_the_god
Lair:1:   layout_chaotic_city, grunt_megastairs_1
Lair:2:   layout_misc_corridors, shoals_dummy_entry,
          hellmonk_spider_entry_not_the_bees, nicolae_volcano_entry_hallway,
          infiniplex_staircase_pool
Lair:3:   layout_regular_city, st_stairs_10, wad_woods_road_01,
          serial_bayou_shore_a
Lair:4:   gammafunk_boulding_lane, layout_small_grid, slime_entry_1,
          serial_bayou_pond_d, lemuel_fruit_fields, lemuel_fruit_tree,
          serial_bayou_shore_b, grunt_megastairs_2
Lair:5:   hangedman_lair_in_review, layout_regular_city,
          hangedman_lair_tendril_chambers, grunt_forest_small_clearings,
          hellmonk_talismancer
Shoals:1: cheibrodos_shoals_roost, layout_shoals, nicolae_shoals_mertower
Shoals:2: layout_shoals, nicolae_shoals_so_close, uniq_ilsuiw
Shoals:3: layout_shoals, nicolae_shoals_water_elemental_grotto, uniq_roxanne
Shoals:4: shoals_end_hellmonk_lost_city
Spider:1: layout_spider_delve, gammafunk_ghost_cemetery
Spider:2: layout_spider_delve, nicolae_spider_spiderdrome
Spider:3: layout_spider_delve, gammafunk_ghost_split, spiders_nest_the_unseen,
          uniq_louise
Spider:4: guppyfry_spider_rune, uniq_mara
Orc:1:    layout_caves
Orc:2:    st_orc_pillars, layout_diamond_mine, serial_shops,
          nicolae_shop_tiny_glass, basic_altar
Vaults:1: ontoclasm_vaults_ring_large, nicolae_vaults_trapezoid_lopsided_2,
          nicolae_vaults_storage_closets_1, v_misc_22, v_misc_27,
          vaults_room_corners, v_misc_11, vaults_dpeg_encased_lava,
          vaults_room_grunt_arrival_ludios, nicolae_vaults_tetromino_Z_2,
          layout_vaults_omnigrid, trove_entry_hex_spiral, uniq_zenata

Skill      XL: |  1  2  3  4  5  6  7  8  9 10 11 12 13 14 15 16 17 18 19 |
---------------+----------------------------------------------------------+-----
Ice Magic      | 5 6 7 9 12 14 | 14.6
Fighting       | 1 2 3 4 6 7 9 10 11 13 14 15 16 17 18 19 | 19.1
Summonings     | 1 2 3 4 6 |  6.7
Dodging        | 3 4 5 |  5.0
Spellcasting   | 3 4 5 6 7 9 10 11 12 13 14 15 16 | 16.5
Air Magic      | 3 6 9 11 12 | 12.4
Conjurations   | 4 6 8 10 | 10.2
Invocations    | 2 5 6 8 |  8.4
Earth Magic    | 1 7 8 11 12 | 12.8
Armour         | 4 5 |  5.6
Fire Magic     | 6 8 10 | 10.1
Stealth        | |  1.7

Action                     |  1- 3 |  4- 6 |  7- 9 | 10-12 | 13-15 | 16-18 | 19-21 || total
---------------------------+-------+-------+-------+-------+-------+-------+-------++-------
  Melee: Dagger            |    11 |       |       |       |       |       |       ||    11
         Club              |       |     1 |    14 |    57 |    71 |    12 |     4 ||   159
   Cast: Freeze            |    47 |    47 |   110 |    84 |   158 |     5 |       ||   451
         Frozen Ramparts   |       |    18 |    35 |    37 |    42 |       |       ||   132
         Summon Ice Beast  |       |       |    17 |    34 |    51 |     1 |       ||   103
         Airstrike         |       |       |     2 |   289 |   582 |    15 |     1 ||   889
         Plasma Beam       |       |       |       |       |    41 |   351 |    64 ||   456
         Flame Wave        |       |       |       |       |    24 |     3 |       ||    27
         Summon Blazeheart |       |       |       |       |    13 |     4 |     1 ||    18
         Ozocubu's Refrige |       |       |       |       |       |   172 |    58 ||   230
         Starburst         |       |       |       |       |       |    16 |       ||    16
         Chain Lightning   |       |       |       |       |       |     1 |       ||     1
         Arcjolt           |       |       |       |       |       |     3 |       ||     3
 Invoke: Divine Exegesis   |       |       |       |       |       |     1 |       ||     1
Ability: Hop               |     1 |     2 |     1 |    11 |    14 |     5 |     4 ||    38
  Evoke: Wand              |       |       |     7 |    14 |    26 |     7 |     8 ||    62
         Lightning rod     |       |       |       |       |    11 |    10 |     1 ||    22
         Phantom mirror    |       |       |       |       |       |       |     1 ||     1
    Use: Scroll            |       |       |     8 |     4 |    10 |     8 |     7 ||    37
         Potion            |       |       |       |     1 |     2 |       |     1 ||     4
 Armour: Robe              |    33 |    32 |   107 |   249 |       |       |       ||   421
         Steam dragon scal |       |       |       |   134 |   354 |       |       ||   488
         Troll leather arm |       |       |       |       |   188 |   274 |   118 ||   580
  Dodge: Dodged            |    20 |    21 |    77 |   302 |   414 |   149 |    48 ||  1031

Table legend: (Time is in decaauts)
 A = Elapsed time spent in this place.
 B = Non-inter-level travel time spent in this place.
 C = Inter-level travel time spent in this place.
 D = Time resting spent in this place.
 E = Time spent auto-exploring this place.
 F = Levels seen in this place.
 G = Mean time per level.
                   A        B        C        D        E       F      G
               +--------+--------+--------+--------+--------+-----+--------+
         Total |  74549 |  68932 |   5617 |  29741 |  30227 |  33 | 2259.1 |
       Dungeon |  31328 |  28637 |   2691 |   9867 |  14782 |  15 | 2088.5 |
        Temple |     17 |      4 |     13 |      0 |      0 |   1 |   17.0 |
          Lair |  17570 |  16260 |   1310 |   6812 |   7332 |   5 | 3514.0 |
        Shoals |  10790 |   9852 |    938 |   6020 |   2819 |   4 | 2697.5 |
   Spider Nest |   8071 |   7596 |    475 |   4001 |   2910 |   4 | 2017.8 |
  Orcish Mines |   5193 |   5007 |    186 |   2191 |   1992 |   2 | 2596.5 |
        Vaults |    447 |    447 |      0 |    228 |    160 |   1 |  447.0 |
        Bailey |   1130 |   1130 |      0 |    622 |    229 |   1 | 1130.0 |
               +--------+--------+--------+--------+--------+-----+--------+

Top non-repeatable levels by time:
  Lair:2: 5072 daAuts
  Lair:5: 4664 daAuts
Spider:3: 3829 daAuts
Shoals:3: 3638 daAuts
     D:9: 3362 daAuts
   Orc:2: 3333 daAuts
  Lair:4: 2936 daAuts
    D:10: 2905 daAuts
     D:7: 2818 daAuts
    D:12: 2760 daAuts
    D:13: 2591 daAuts
  Lair:1: 2526 daAuts
Shoals:2: 2481 daAuts
Shoals:1: 2457 daAuts
  Lair:3: 2371 daAuts
